 Dungeon Crawl Stone Soup version 0.18.1-6-gd335043 (webtiles) character file.

7940 dorian the Basher (level 11, -9/75 HPs)
             Began as a Demonspawn Abyssal Knight on May 14, 2016.
             Was a Priest of Lugonu.
             Mangled by an earth elemental (28 damage)
             ... on level 11 of the Dungeon on May 17, 2016.
             The game lasted 00:45:34 (11923 turns).

dorian the Basher (Demonspawn Abyssal Knight)      Turns: 11923, Time: 00:45:35

Health: -9/75      AC: 25    Str: 15    XL:     11   Next: 3%
Magic:  14/14      EV:  5    Int: 14    God:    Lugonu [***...]
Gold:   613        SH:  0    Dex: 16    Spells: 0 memorised, 10 levels left

rFire  . . .     SeeInvis .     y - +1 flail (protect)
rCold  . . .     Gourm    .     N - +0 plate armour
rNeg   + . .     Faith    .     (no shield)
rPois  .         Spirit   .     e - +2 helmet
rElec  .         Dismiss  .     s - +0 cloak
rCorr  .         Reflect  .     W - +0 pair of gloves
SustAt +         Harm     .     (no boots)
MR     +....                    a - macabre finger necklace {rN+}
Stlth  ..........               L - ring of protection from magic
                                I - +3 ring of dexterity
                                T - ring of sustain attributes

@: drained, somewhat resistant to hostile enchantments, extremely unstealthy
A: claws 2, molten scales 1, demonic guardian 1, low mp 2, powered by death 1
a: Depart the Abyss, Bend Space, Banish, Renounce Religion


You were on level 11 of the Dungeon.
You worshipped Lugonu.
Lugonu was most pleased with you.
You were not hungry.

You visited 1 branch of the dungeon, and saw 12 of its levels.
You visited the Abyss 1 time.

You collected 613 gold pieces.

Inventory:

Hand Weapons
 y - a +1 flail of protection (weapon)
   (You found it on level 5 of the Dungeon)
 P - a +1 whip of electrocution
   (You took it off an orc on level 7 of the Dungeon)
Missiles
 h - 2 javelins of returning (quivered)
Armour
 e - a +2 helmet (worn)
   (You took it off Robin on level 1 of the Dungeon)
 s - a +0 cloak (worn)
   (You found it on level 3 of the Dungeon)
 N - a +0 plate armour (worn)
   (You found it on level 7 of the Dungeon)
 W - a +0 pair of gloves (worn)
   (You found it on level 9 of the Dungeon)
Jewellery
 a - the macabre finger necklace (around neck) {rN+}
   (You found it on level 11 of the Dungeon)

   [amulet of nothing]

   It protects you from negative energy.
 t - an uncursed amulet of harm
   (You found it on level 3 of the Dungeon)
 F - an uncursed ring of ice
   (You found it on level 6 of the Dungeon)
 I - a +3 ring of dexterity (left hand)
   (You found it on level 9 of the Dungeon)
 J - an uncursed ring of fire
   (You found it on level 9 of the Dungeon)
 L - a ring of protection from magic (right hand)
   (You found it on level 7 of the Dungeon)
 T - a ring of sustain attributes (on amulet)
   (You found it on level 7 of the Dungeon)
 Y - an uncursed amulet of the gourmand
   (You found it on level 10 of the Dungeon)
Wands
 b - a wand of disintegration (8/24)
   (You found it on level 11 of the Dungeon)
 d - a wand of slowing (27/48)
   (You found it on level 3 of the Dungeon)
 w - a wand of disintegration (6/24)
   (You found it on level 8 of the Dungeon)
Scrolls
 f - 2 scrolls of immolation
 i - 3 scrolls of teleportation
 k - 8 scrolls of remove curse
 o - 3 scrolls of enchant armour
 p - a scroll of fear
 r - 3 scrolls of identify
 v - 4 scrolls of recharging
 E - a scroll of amnesia
Potions
 m - 2 potions of lignification
 n - a potion of haste
 D - a potion of mutation {unknown}
 G - a potion of resistance {unknown}
 K - 3 potions of cure mutation
 S - a potion of degeneration {unknown}
 U - 2 potions of flight
 V - a potion of brilliance {unknown}
 X - 2 potions of agility {unknown}
Books
 j - a book of Debilitation
   (You found it on level 2 of the Dungeon)

   Spells                             Type                      Level
   a - Corona                         Hexes                        1
   b - Slow                           Hexes                        2
   c - Gell's Gravitas                Hexes/Translocation          3
   d - Inner Flame                    Hexes/Fire                   3
   e - Cause Fear                     Hexes                        4
   f - Leda's Liquefaction            Hexes/Earth                  4
 B - a book of the Dragon
   (You found it on level 5 of the Dungeon)

   Spells                             Type                      Level
   a - Flame Tongue                   Conjuration/Fire             1
   b - Cause Fear                     Hexes                        4
   c - Bolt of Fire                   Conjuration/Fire             6
   d - Dragon Form                    Transmutation                7
   e - Dragon's Call                  Summoning                    9
Comestibles
 c - 9 bread rations
 g - 6 fruits
 q - 6 meat rations
 M - 4 beef jerkies
 Q - 7 slices of pizza


   Skills:
 - Level 3.0(2.0) Fighting
 + Level 11.2(9.9) Maces & Flails
 + Level 8.8(7.6) Armour
 - Level 0.8(0.0) Dodging
 + Level 10.2(9.0) Invocations


You had 10 spell levels left.
You didn't know any spells.

Dungeon Overview and Level Annotations

Branches:
Dungeon (12/15)            Temple (0/1) D:7            Lair (0/8) D:9
    Orc: D:9-12

Altars:
Fedhas
Gozag
Kikubaaqudgha
Makhleb
Okawaru
Pakellas
Ru
Sif Muna
Trog
Yredelemnul
Zin

Annotations:
D:12 inmateoo's ghost, journeyman OgCK
Abyss:1 Grinder, Maurice


Innate Abilities, Weirdness & Mutations

You have very sharp fingernails.
You are partially covered in molten scales (AC +1).
A weak demonic guardian rushes to your aid.
You regenerate a little health from kills.
Your magical capacity is very low (-20% MP).


Message History

Your plate armour prevents you from hitting the earth elemental.
The earth elemental is heavily damaged.
The earth elemental hits you!!
You hit the earth elemental but do no damage.
The earth elemental is heavily damaged.
You thump the earth elemental!
The earth elemental is severely damaged.
The earth elemental hits you but does no damage.
You hit the earth elemental but do no damage.
The earth elemental is severely damaged.
You sock the earth elemental!
The earth elemental is almost destroyed.
The earth elemental hits you.
Your plate armour prevents you from hitting the earth elemental.
The earth elemental is almost destroyed.
The earth elemental hits you.
You hit the earth elemental but do no damage.
The earth elemental is almost destroyed.
You hit the earth elemental.
The earth elemental is almost destroyed.
The earth elemental hits you but does no damage.
You hit the earth elemental but do no damage.
The earth elemental is almost destroyed.
You completely miss the earth elemental.
The earth elemental is almost destroyed.
The earth elemental hits you.
* * * LOW HITPOINT WARNING * * *
You hit the earth elemental.
The earth elemental is almost destroyed.
You hit the earth elemental but do no damage.
The earth elemental is almost destroyed.
The earth elemental hits you!
* * * LOW HITPOINT WARNING * * *
You hit the earth elemental.
The earth elemental is almost destroyed.
You hit the earth elemental but do no damage.
The earth elemental is almost destroyed.
The earth elemental hits you!
* * * LOW HITPOINT WARNING * * *
You hit the earth elemental but do no damage.
The earth elemental is almost destroyed.
You hit the earth elemental.
The earth elemental is almost destroyed.
The earth elemental hits you but does no damage.
You hit the earth elemental but do no damage.
The earth elemental is almost destroyed.
You hit the earth elemental but do no damage.
The earth elemental is almost destroyed.
The earth elemental hits you!!
You die...

....).(# #.# ############
#####..####### #.#
#...........
###..##....###
#.###.##########
#...>........# #........#
#............########...#
#.........[.............#
#.......................#
#.....................###
##...........(E@.......#
#....[......#......(...#
#....^......#..........#
#...........#..........#
#...........#..........#
#...........#..........#
#...........############
#...........#
#...........#


You could see an earth elemental.

Vanquished Creatures
  A komodo dragon (D:9)
  2 trolls
  Prince Ribbit (D:9)
  A harpy skeleton (D:11)
  A wyvern (D:11)
  7 yaks
  A human (D:7)
  2 sky beasts (D:9)
  3 black bears
  3 necrophages
  2 ice beasts
  An eye of draining (D:8)
  A phantom (D:8)
  2 ogres
  9 centaurs
  2 earth elementals (D:11)
  4 giant frogs
  3 scorpions
  8 killer bees
  4 howler monkeys
  4 wights
  A giant frog zombie (D:11)
  5 crimson imps
  A centaur zombie (D:5)
  4 hounds
  2 jellies
  2 giant frog skeletons
  4 orc wizards
  3 centaur skeletons
  An iguana (D:10)
  7 worker ants
  3 sheep (D:7)
  2 hound skeletons
  Robin (D:1)
  A worker ant zombie (D:9)
  2 gnolls
  7 adders
  A shadow imp (D:11)
  2 adder zombies
  An adder skeleton (D:7)
  2 worms
  4 dart slugs
  5 giant geckos
  20 orcs
  3 ball pythons
  9 bats
  5 giant cockroaches
  18 goblins
  13 hobgoblins
  16 jackals
  3 quokkas
  10 giant newts
  10 kobolds
  7 rats
  A plant (D:9)
238 creatures vanquished.

Vanquished Creatures (collateral kills)
  2 hounds
  A centaur skeleton (D:5)
  A sheep (D:7)
  An orc (D:5)
5 creatures vanquished.

Vanquished Creatures (others)
  A centaur warrior (D:11)
  A hill giant (D:9)
  A hungry ghost (D:8)
  An orc warrior (D:11)
  A phantom (D:4)
  An ogre (D:4)
  A scorpion (D:4)
  A wyvern skeleton (D:11)
  5 wights
  A killer bee (D:9)
  An electric eel (D:11)
  An orc priest (D:4)
  2 orc wizards (D:4)
  A gnoll (D:2)
  A shadow imp (D:6)
20 creatures vanquished.

Grand Total: 263 creatures vanquished

Notes
Turn   | Place    | Note
--------------------------------------------------------------
     0 | Abyss:1  | dorian the Demonspawn Abyssal Knight began the quest for the Orb.
     0 | Abyss:1  | Reached XP level 1. HP: 18/18 MP: 2/2
     7 | D:1      | Escaped the Abyss
    46 | D:1      | Reached skill level 2 in Maces & Flails
   294 | D:1      | Gained mutation: You have sharp fingernails. [demonic ancestry]
   294 | D:1      | Reached XP level 2. HP: 16/24 MP: 4/4
   428 | D:1      | Reached skill level 3 in Invocations
   718 | D:1      | Reached ** piety under Lugonu
   912 | D:1      | Reached XP level 3. HP: 25/29 MP: 5/5
  1150 | D:2      | Identified a book of Debilitation (You found it on level 2 of the Dungeon)
  1177 | D:2      | Reached skill level 4 in Invocations
  1234 | D:2      | Found a bloodstained altar of Trog.
  1335 | D:2      | HP: 12/29 [gnoll/halberd (5)]
  1338 | D:1      | HP: 5/29 [gnoll/flail (7)]
  1347 | D:1      | HP: 3/29 [gnoll/flail (3)]
  1662 | D:2      | Noticed Robin
  1667 | D:2      | Reached skill level 3 in Maces & Flails
  1667 | D:2      | Gained mutation: A weak demonic guardian rushes to your aid. [demonic ancestry]
  1667 | D:2      | Reached XP level 4. HP: 32/35 MP: 7/7
  1676 | D:1      | HP: 14/35 [goblin/club[Robin] (6)]
  1681 | D:1      | HP: 6/35 [goblin/club[Robin] (2)]
  1693 | D:1      | HP: 4/35 [hobgoblin[Robin] (3)]
  1696 | D:1      | Reached *** piety under Lugonu
  1882 | D:1      | HP: 17/35 [hobgoblin/club[Robin] (3)]
  2073 | D:1      | Killed Robin
  2260 | D:2      | Reached skill level 5 in Invocations
  2368 | D:2      | HP: 15/35 [gnoll/halberd (7)]
  2730 | D:3      | Gained mutation: You have very sharp fingernails. [demonic ancestry]
  2730 | D:3      | Reached XP level 5. HP: 41/41 MP: 8/8
  2902 | D:3      | Found an oddly glowing altar of Pakellas.
  3174 | D:3      | Reached **** piety under Lugonu
  3576 | D:3      | Found a blossoming altar of Fedhas.
  3855 | D:3      | Reached skill level 4 in Maces & Flails
  3882 | D:3      | Upgraded the game from 0.18.1-5-g4a78601 to 0.18.1-6-gd335043
  3976 | D:4      | Noticed a phantom
  4054 | D:4      | Banished a phantom
  4054 | D:4      | Reached skill level 6 in Invocations
  4135 | D:4      | Reached XP level 6. HP: 47/47 MP: 10/10
  4432 | D:4      | Reached skill level 5 in Maces & Flails
  4587 | D:4      | Reached skill level 7 in Invocations
  4587 | D:4      | Reached XP level 7. HP: 52/52 MP: 12/12
  5061 | D:5      | Entered Level 5 of the Dungeon
  5074 | D:5      | Noticed Grinder
  5074 | D:5      | Paralysed by Grinder for 3 turns
  5087 | D:5      | Banished Grinder
  5207 | D:5      | Reached skill level 8 in Invocations
  5229 | D:5      | Identified a book of the Dragon
  5278 | D:5      | Reached skill level 6 in Maces & Flails
  5380 | D:5      | Found an ancient bone altar of Kikubaaqudgha.
  5490 | D:5      | Got a distressingly furry leather armour
  5654 | D:5      | Identified the +1 leather armour of Insatiable Hunger {+Blink Str+2 Int-3} (You found it on level 5 of the Dungeon)
  5727 | D:6      | Gained mutation: You are partially covered in molten scales (AC +1). [demonic ancestry]
  5727 | D:6      | Reached XP level 8. HP: 44/58 MP: 14/14
  5743 | D:6      | Reached skill level 9 in Invocations
  6356 | D:6      | Found a sacrificial altar of Ru.
  6601 | D:7      | Found a staircase to the Ecumenical Temple.
  6696 | D:7      | Reached skill level 7 in Maces & Flails
  6712 | D:7      | HP: 26/58 [human/hand axe (11)]
  6715 | D:7      | Reached skill level 10 in Invocations
  6873 | D:7      | Reached skill level 2 in Armour
  6883 | D:7      | Found an opulent altar of Gozag.
  6896 | D:7      | Found a glowing silver altar of Zin.
  6896 | D:7      | Found a basalt altar of Yredelemnul.
  6896 | D:7      | Found a burning altar of Makhleb.
  7205 | D:7      | Found a deep blue altar of Sif Muna.
  7381 | D:8      | Found an iron altar of Okawaru.
  7400 | D:8      | Reached skill level 3 in Armour
  7477 | D:8      | Gained mutation: You regenerate a little health from kills. [demonic ancestry]
  7477 | D:8      | Reached XP level 9. HP: 63/63 MP: 16/16
  7528 | D:8      | Reached skill level 8 in Maces & Flails
  7601 | D:8      | Found a bloodstained altar of Trog.
  7674 | D:8      | Reached skill level 4 in Armour
  8049 | D:9      | Noticed Maurice
  8054 | D:9      | Noticed a troll
  8056 | D:9      | Banished Maurice
  8063 | D:9      | Killed a troll
  8063 | D:9      | Reached skill level 5 in Armour
  8170 | D:9      | Reached skill level 9 in Maces & Flails
  8174 | D:9      | Gained mutation: Your magical capacity is low (-10% MP). [mutagenic meat]
  8175 | D:9      | Gained mutation: You are resistant to hostile enchantments. [mutagenic meat]
  8176 | D:9      | Lost mutation: You are resistant to hostile enchantments. [mutagenic meat]
  8177 | D:9      | Gained mutation: Your magical capacity is very low (-20% MP). [mutagenic meat]
  8192 | D:9      | Noticed a hill giant
  8195 | D:9      | Banished a hill giant
  8264 | D:9      | Reached skill level 6 in Armour
  8412 | D:9      | Noticed Prince Ribbit
  8432 | D:9      | Killed Prince Ribbit
  8493 | D:9      | Reached XP level 10. HP: 44/70 MP: 14/14
  8631 | D:9      | Found a staircase to the Lair.
  8648 | D:9      | HP: 33/70 [komodo dragon (10)]
  8649 | D:9      | HP: 14/70 [komodo dragon (20)]
  8657 | D:9      | HP: 29/70 [komodo dragon (13)]
  8895 | D:10     | Entered Level 10 of the Dungeon
  9189 | D:10     | Reached skill level 10 in Maces & Flails
  9189 | D:10     | Reached skill level 7 in Armour
  9861 | D:11     | Reached skill level 8 in Armour
  9866 | D:11     | Noticed a centaur warrior
  9871 | D:11     | Banished a centaur warrior
 10040 | D:11     | Reached skill level 11 in Maces & Flails
 10271 | D:11     | Reached XP level 11. HP: 73/73 MP: 10/14
 10541 | D:12     | Noticed a four-headed hydra
 10545 | D:12     | Noticed inmateoo's ghost (journeyman OgCK)
 10547 | D:12     | Noticed a hill giant
 10781 | D:11     | HP: 28/73 [earth elemental (16)]
 10786 | D:11     | HP: 11/73 [earth elemental (18)]
 11079 | D:11     | HP: 21/75 [earth elemental (33)]
 11569 | D:11     | HP: 37/75 [earth elemental (6)]
 11574 | D:11     | HP: 23/75 [earth elemental (15)]
 11578 | D:11     | HP: 8/75 [earth elemental (9)]
 11915 | D:11     | HP: 35/75 [earth elemental (4)]
 11923 | D:11     | Mangled by an earth elemental

Skill      XL: |  1  2  3  4  5  6  7  8  9 10 |
---------------+-------------------------------+-----
Maces & Flails | 2 3 4 5 6 7 9 11 | 11.2
Invocations    | 3 4 5 6 7 8 10 | 10.2
Armour         | 3 6 8 |  8.8
Fighting       | |  3.0
Dodging        | |  0.8

Action                   |  1- 3 |  4- 6 |  7- 9 | 10-12 || total
-------------------------+-------+-------+-------+-------++-------
Melee: Mace              |   141 |   182 |       |       ||   323
       Quarterstaff      |       |    98 |    50 |       ||   148
       Flail             |       |       |   113 |    62 ||   175
       Whip              |       |       |   185 |   260 ||   445
Throw: Javelin           |       |       |       |     4 ||     4
Invok: Banish            |       |     9 |    11 |    12 ||    32
Evoke: Wand              |       |       |       |     2 ||     2
  Use: Potion            |       |     1 |       |     3 ||     4
       Scroll            |       |       |    10 |     6 ||    16
 Stab: Sleeping          |     1 |       |       |       ||     1
  Eat: Chunk             |     2 |     8 |    17 |     9 ||    36
       Meat ration       |       |     1 |       |       ||     1
       Fruit             |       |       |     1 |     7 ||     8
       Royal jelly       |       |       |     1 |       ||     1
Armor: Leather armour    |    17 |       |       |       ||    17
       Chain mail        |    95 |   281 |   239 |   116 ||   731
       Plate armour      |       |       |       |    23 ||    23
Dodge: Dodged            |    82 |   129 |    90 |    57 ||   358
